[Event "ICC tourney 2132 (75 10)"]
[Site "Internet Chess Club"]
[Date "2020.11.14"]
[Round "3"]
[White "SupaHotFiya"]
[Black "soggydollar"]
[Result "1-0"]
[ICCResult "Black resigns"]
[WhiteElo "2055"]
[BlackElo "1804"]
[Opening "Dutch"]
[ECO "A80"]
[NIC "HD.12"]
[Time "17:01:42"]
[TimeControl "4500+10"]

1. d4 f5 2. Nc3 Nf6 3. Bg5 h6 4. Bxf6 exf6 5. e4 Qe7 6. Qh5+ Kd8 7. Qxf5 d6
8. Qf3 Nc6 9. O-O-O Bd7 10. Nd5 Qf7 11. Bc4 Be6 12. Bb3 Na5 13. Ne2 Nxb3+
14. axb3 f5 15. Ndf4 Bc8 16. Rhe1 g5 17. Nd3 Be7 18. Nc3 g4 19. Qe2 Bg5+ 20.
Kb1 Re8 21. e5 d5 22. f4 Bh4 23. g3 Be6 24. gxh4 h5 25. Nc5 c6 26. Qd2 Kc7
27. N3a4 b6 28. Nxe6+ Rxe6 29. c4 Kb7 30. Nc3 Qd7 31. Rc1 Rd8 32. Red1 Rg8
33. b4 a6 34. b5 axb5 35. cxb5 Rc8 36. bxc6+ Rexc6 37. Ne2 Rxc1+ 38. Rxc1
Rxc1+ 39. Qxc1 Qb5 40. Qc2 Qd7 41. Ng3 Qe7 42. Nxf5 Qb4 43. Nd6+ {Black
resigns} 1-0

[Event "ICC tourney 2132 (75 10)"]
[Site "Internet Chess Club"]
[Date "2020.11.14"]
[Round "3"]
[White "MacAndSneeze"]
[Black "Goldenmaknae"]
[Result "0-1"]
[ICCResult "White checkmated"]
[WhiteElo "1534"]
[BlackElo "1868"]
[Opening "Sicilian: Nimzovich-Rossolimo attack (without ...d6)"]
[ECO "B30"]
[NIC "SI.31"]
[Time "17:01:46"]
[TimeControl "4500+10"]

1. e4 c5 2. Nf3 Nc6 3. Bb5 e5 4. c4 Nge7 5. Nc3 g6 6. O-O Bg7 7. Nd5 O-O 8.
d3 d6 9. Bg5 f6 10. Bd2 a6 11. Bxc6 bxc6 12. Nxe7+ Qxe7 13. b4 cxb4 14. Bxb4
c5 15. Ba5 f5 16. Nd2 f4 17. Nb1 f3 18. gxf3 Bh3 19. f4 exf4 20. Kh1 Bxa1
21. Rg1 f3 22. Nd2 Bg2+ 23. Rxg2 fxg2+ 24. Kg1 Qf6 25. Qe2 Bd4 26. Kxg2
Qxf2+ 27. Qxf2 Rxf2+ 28. Kg3 Raf8 29. h4 Be5+ 30. Kg4 h5+ 31. Kg5 Kg7 32.
Nf3 Bf4# {White checkmated} 0-1

[Event "ICC tourney 2132 (75 10)"]
[Site "Internet Chess Club"]
[Date "2020.11.14"]
[Round "3"]
[White "parallax"]
[Black "xyzchessdude"]
[Result "0-1"]
[ICCResult "White checkmated"]
[WhiteElo "1706"]
[BlackElo "2008"]
[Opening "Sicilian defense"]
[ECO "B20"]
[NIC "SI.48"]
[Time "17:01:41"]
[TimeControl "4500+10"]

1. e4 c5 2. a3 e6 3. b4 d5 4. bxc5 dxe4 5. Nc3 Nf6 6. Bb5+ Bd7 7. Bxd7+ Qxd7
8. Qe2 Qc6 9. Nh3 Nbd7 10. O-O Be7 11. Re1 Nxc5 12. Ng5 Rc8 13. Bb2 O-O 14.
Rac1 Rfd8 15. Ngxe4 Ncxe4 16. Nxe4 Qxe4 17. Qxe4 Nxe4 18. Rxe4 Rxd2 19. h3
Rdxc2 20. Rb1 Bd6 21. g3 h6 22. Ree1 Bc5 23. Rf1 Rd8 24. Kg2 Rdd2 25. Bc1
Rxf2+ 26. Rxf2 Rxf2+ 27. Kh1 Rf1+ 28. Kg2 Rg1+ 29. Kh2 Rd1 30. Ra1 b6 31.
Kg2 Be3 32. Bb2 Rxa1 33. Bxa1 Bc5 34. Bb2 f6 35. Kf3 Kf7 36. Kf4 e5+ 37. Kf5
g6+ 38. Ke4 Ke6 39. g4 f5+ 40. gxf5+ gxf5+ 41. Kf3 h5 42. Bc1 Kd5 43. Ke2
Kc4 44. Kf3 Kd3 45. Bb2 Bd4 46. Bxd4 Kxd4 47. Ke2 Ke4 48. Kf2 Kd3 49. Kf3
e4+ 50. Kf2 Kd2 51. Kf1 e3 52. Kg2 e2 53. Kf2 e1=Q+ 54. Kf3 Qe3+ 55. Kg2 h4
56. Kh2 Ke2 57. a4 Kf2 58. a5 Qg3+ 59. Kh1 Qg1# {White checkmated} 0-1

[Event "ICC tourney 2132 (75 10)"]
[Site "Internet Chess Club"]
[Date "2020.11.14"]
[Round "3"]
[White "vvguys"]
[Black "Zuiopal"]
[Result "1-0"]
[ICCResult "Black resigns"]
[WhiteElo "1579"]
[BlackElo "1643"]
[Opening "Queen's pawn: London system"]
[ECO "A45"]
[NIC "QP.07"]
[Time "17:01:42"]
[TimeControl "4500+10"]

1. d4 Nf6 2. Bf4 e6 3. e3 b6 4. Bd3 Bb7 5. Nf3 d6 6. c4 Nbd7 7. Nc3 Qe7 8.
Nb5 Qd8 9. O-O a6 10. Nc3 Qe7 11. Rc1 e5 12. dxe5 dxe5 13. Bg5 e4 14. Nd5
Bxd5 15. cxd5 exf3 16. Qxf3 Ne5 17. Qd1 Nxd3 18. Qxd3 h6 19. Bf4 Ra7 20. d6
cxd6 21. Bxd6 Qxd6 22. Qxd6 Bxd6 23. Rc8+ Ke7 24. Rxh8 Ne8 25. Rc1 Rc7 26.
Rd1 Rd7 27. Rc1 Rc7 28. Rd1 Rc6 29. g3 f6 30. h4 Kf7 31. Kg2 Be7 32. Rd7 Rc2
33. Ra7 a5 34. Ra8 Nd6 35. Rhb8 Rxb2 36. Rxa5 b5 37. a4 b4 38. Ra6 Nc4 39.
Rb7 Nxe3+ 40. Kf3 Nd5 41. Rd6 Nc3 42. Rdd7 Re2 43. Rxb4 Re5 44. Rc4 Nb1 45.
Rcc7 Na3 46. a5 Nb5 47. Rb7 Nc3 48. a6 Nb5 49. a7 Nxa7 50. Rxa7 Kf8 51. Kg2
g6 52. Rab7 h5 53. Rdc7 g5 54. hxg5 fxg5 55. Rc4 g4 56. Rf4+ Kg7 57. Rfb4
Kg6 58. R4b6+ Kf7 59. Rb5 Rxb5 60. Rxb5 Kg6 61. f4 Bf6 62. Kf2 Bd4+ 63. Ke2
Bf6 64. Kd3 h4 65. gxh4 Bxh4 66. Ke4 Bf6 67. Rb6 Kf7 68. Kf5 g3 {Black
resigns} 1-0

[Event "ICC tourney 2132 (75 10)"]
[Site "Internet Chess Club"]
[Date "2020.11.14"]
[Round "3"]
[White "castle2king"]
[Black "Joshua1"]
[Result "0-1"]
[ICCResult "White resigns"]
[WhiteElo "1556"]
[BlackElo "1867"]
[Opening "Sicilian: Kan, 5.Nc3"]
[ECO "B43"]
[NIC "SI.41"]
[Time "17:01:41"]
[TimeControl "4500+10"]

1. e4 c5 2. Nf3 e6 3. d4 cxd4 4. Nxd4 a6 5. Nc3 Qc7 6. Be3 Bb4 7. Qd2 Nf6 8.
Bd3 d5 9. f3 e5 10. Nb3 d4 11. Nxd4 exd4 12. Bxd4 Nc6 13. Be3 Qa5 14. O-O
O-O 15. a3 Bxc3 16. bxc3 Be6 17. Qe1 Rac8 18. f4 Ng4 19. Bd2 Qc5+ 20. Kh1 f5
21. exf5 Bxf5 22. Bxf5 Qxf5 23. Qg3 Qxc2 24. Qxg4 Qxd2 25. Qg3 Rcd8 26. f5
Qd3 27. Qg5 Qxc3 {White resigns} 0-1

[Event "ICC tourney 2132 (75 10)"]
[Site "Internet Chess Club"]
[Date "2020.11.14"]
[Round "3"]
[White "Yucheng"]
[Black "IAlwaysWin"]
[Result "1/2-1/2"]
[ICCResult "Game drawn by mutual agreement"]
[WhiteElo "1879"]
[BlackElo "1971"]
[Opening "QGD: Janowski variation"]
[ECO "D31"]
[NIC "QP.08"]
[Time "17:02:31"]
[TimeControl "4500+10"]

1. d4 d5 2. c4 e6 3. Nc3 a6 4. Nf3 h6 5. Bf4 Nf6 6. h3 dxc4 7. e3 b5 8. a4
b4 9. Nb1 Nd5 10. Be5 c3 11. bxc3 Nxc3 12. Nxc3 bxc3 13. Qb3 Nc6 14. Bd3 Rb8
15. Qc4 Bb7 16. O-O Nxe5 17. Nxe5 Qd5 18. Qxd5 Bxd5 19. Bxa6 Bb4 20. Bb5+
Ke7 21. Nc6+ Bxc6 22. Bxc6 Ba5 23. Rab1 Kd6 24. Rb5 Bb4 25. Bb7 Ba3 26. Rb3
{Game drawn by mutual agreement}
1/2-1/2

[Event "ICC tourney 2132 (75 10)"]
[Site "Internet Chess Club"]
[Date "2020.11.14"]
[Round "3"]
[White "DrBoler"]
[Black "amandapati"]
[Result "1-0"]
[ICCResult "Black resigns"]
[WhiteElo "241"]
[BlackElo "2052"]
[Opening "QGD: Chigorin defense"]
[ECO "D07"]
[NIC "QP.08"]
[Time "17:01:39"]
[TimeControl "4500+10"]

1. d4 d5 2. c4 Nc6 3. Nc3 dxc4 4. e3 e5 5. d5 Nce7 6. Bxc4 Ng6 7. Nge2 Bd7
8. O-O Nf6 9. Ng3 Ba3 10. bxa3 O-O 11. Rb1 Rb8 12. Bb5 c6 13. dxc6 bxc6 14.
Bc4 Qe7 15. Rxb8 Rxb8 16. Qc2 Be6 17. Bxe6 Qxe6 18. e4 Qc4 19. Be3 Ng4 20.
Qd2 Nxe3 21. Qxe3 Rd8 22. Nge2 a6 23. g3 Rd3 24. Qc1 Nf8 25. Rd1 Rxd1+ 26.
Qxd1 Ne6 27. Qb3 Qxb3 28. axb3 Nc5 29. b4 Nd3 30. f4 Kf8 31. Kg2 Ke7 32. Kf3
Ne1+ 33. Ke3 f6 34. f5 Nc2+ 35. Kd2 Nxa3 36. Kd3 g6 37. g4 Kd6 38. Nc1 Kd7
39. Nb3 g5 40. Nc5+ Kc7 41. Nxa6+ Kb6 42. Nc5 Kc7 43. Ne6+ Kd7 44. Nf8+ Kd6
45. Ne6 Ke7 46. Na4 Kd6 47. Nb6 Ke7 48. Kc3 Nb5+ 49. Kc4 Kd6 50. h3 Na3+ 51.
Kb3 Nb5 52. Nc4+ {Black resigns} 1-0

[Event "ICC tourney 2132 (75 10)"]
[Site "Internet Chess Club"]
[Date "2020.11.14"]
[Round "3"]
[White "Concordborn"]
[Black "agrimjax1"]
[Result "1-0"]
[ICCResult "Black checkmated"]
[WhiteElo "1747"]
[BlackElo "1440"]
[Opening "Four knights: Spanish variation"]
[ECO "C48"]
[NIC "KP.03"]
[Time "17:01:41"]
[TimeControl "4500+10"]

1. e4 e5 2. Nf3 Nc6 3. Nc3 Nf6 4. Bb5 d6 5. d4 a6 6. Bxc6+ bxc6 7. dxe5 Nd7
8. Bf4 Qe7 9. exd6 cxd6 10. O-O h6 11. Re1 Ne5 12. Bg3 Bg4 13. Bxe5 Bxf3 14.
Qxd6 Qxd6 15. Bxd6 Bxd6 16. gxf3 O-O 17. Ne2 f5 18. Rad1 Bc5 19. Nd4 fxe4
20. fxe4 Rab8 21. b3 Rbd8 22. c3 a5 23. Kg2 Rd6 24. Nf5 Rg6+ 25. Kf1 Rg5 26.
Rd7 g6 27. Nxh6+ Kh8 28. Nf7+ Kg8 29. Nh6+ Kh8 30. Re2 Rh5 31. Ng4 Rh7 32.
Rxh7+ Kxh7 33. Rd2 Rf3 34. Rd7+ Kg8 35. e5 Kf8 36. e6 Rf4 37. h3 Rf3 38. Kg2
Rf5 39. Rf7+ Rxf7 40. exf7 Kxf7 41. Ne5+ Kf6 42. Nxc6 Bb6 43. f4 Be3 44. Kf3
Bd2 45. Nxa5 Bxc3 46. Nc6 Bb2 47. Ke4 Bc1 48. a4 g5 49. fxg5+ Bxg5 50. Kd5
Be3 51. a5 Kg7 52. a6 Kf8 53. a7 Bxa7 54. Nxa7 Ke8 55. Nc6 Kd7 56. h4 Kc7
57. h5 Kb6 58. h6 Ka6 59. h7 Kb6 60. h8=Q Ka6 61. Qa8+ Kb5 62. Qa5#
{Black checkmated}
1-0

[Event "ICC tourney 2132 (75 10)"]
[Site "Internet Chess Club"]
[Date "2020.11.14"]
[Round "3"]
[White "wahoo"]
[Black "mopaska1106"]
[Result "1-0"]
[ICCResult "Black checkmated"]
[WhiteElo "1663"]
[BlackElo "1898"]
[Opening "Sicilian: Labourdonnais-Löwenthal variation"]
[ECO "B32"]
[NIC "SI.32"]
[Time "17:01:38"]
[TimeControl "4500+10"]

1. e4 c5 2. Nf3 Nc6 3. d4 cxd4 4. Nxd4 e5 5. Nxc6 bxc6 6. Bc4 Nf6 7. Bg5 Qb6
8. Bxf6 gxf6 9. O-O h5 10. Qf3 Be7 11. Bb3 d6 12. Nc3 h4 13. h3 Bd7 14. Rad1
Rh7 15. Na4 Qc7 16. c4 Kf8 17. Rd2 Kg7 18. Rfd1 d5 19. cxd5 cxd5 20. exd5
Bd6 21. Bc2 Rh6 22. Nc3 Rg8 23. Ne4 Bb4 24. Re2 f5 25. Nc3 Bxc3 26. bxc3 e4
27. Qe3 Rg6 28. f4 Rg3 29. Qd4+ Kh7 30. Qf6 Qb6+ 31. Qxb6 axb6 32. c4 Rxh3
33. Rb1 Rc3 34. Rxb6 Rxc4 35. Rb7 Rd8 36. Bb3 Rd4 37. Kh2 Kg6 38. Kh3 Rd3+
39. Kh2 Kh5 40. Rb6 Kg4 41. Rf2 h3 42. Bc2 e3 43. gxh3+ Kh5 44. Bxd3 exf2
45. Be2+ Kh4 46. Rh6# {Black checkmated} 1-0

[Event "ICC tourney 2132 (75 10)"]
[Site "Internet Chess Club"]
[Date "2020.11.14"]
[Round "3"]
[White "CoarseCrown"]
[Black "dabpacman"]
[Result "1-0"]
[ICCResult "Black resigns"]
[WhiteElo "1748"]
[BlackElo "1446"]
[Opening "Benoni defense"]
[ECO "A56"]
[NIC "OI.06"]
[Time "17:01:38"]
[TimeControl "4500+10"]

1. d4 Nf6 2. c4 c5 3. e3 g6 4. Nf3 Bg7 5. Be2 O-O 6. O-O e6 7. Nc3 cxd4 8.
Nxd4 Nc6 9. Ndb5 a6 10. Nd6 Qc7 11. Rb1 Ne8 12. Nce4 Nxd6 13. Nxd6 Be5 14.
c5 Nb4 15. a3 Qxc5 16. Nxc8 Nc6 17. b4 Nxb4 18. axb4 Qxc8 19. Bb2 Bxb2 20.
Rxb2 Qc3 21. Qb3 Rac8 22. Rd1 d5 23. Bf3 Qxb3 24. Rxb3 Rc2 25. g3 Rfc8 26.
e4 dxe4 27. Bxe4 R2c7 28. Rbd3 Kg7 29. Kg2 Kf6 30. Rd7 Kg7 31. Bxb7 Rxd7 32.
Rxd7 Rc4 33. Bxa6 Rxb4 34. Rb7 Rxb7 35. Bxb7 Kf6 36. Kf3 Kg5 37. h4+ Kh5 38.
Kf4 f6 39. Bf3+ Kh6 40. g4 Kg7 41. g5 h6 42. gxf6+ Kxf6 43. Ke4 g5 44. hxg5+
Kxg5 45. Be2 h5 46. f4+ Kg6 47. Ke5 Kf7 48. Bxh5+ Ke7 49. Bg4 {Black
resigns} 1-0

[Event "ICC tourney 2132 (75 10)"]
[Site "Internet Chess Club"]
[Date "2020.11.14"]
[Round "3"]
[White "VincentT2008"]
[Black "ashay7"]
[Result "0-1"]
[ICCResult "White resigns"]
[WhiteElo "1747"]
[BlackElo "1962"]
[Opening "Benkö gambit: fianchetto variation"]
[ECO "A58"]
[NIC "BI.39"]
[Time "17:01:40"]
[TimeControl "4500+10"]

1. d4 Nf6 2. c4 c5 3. d5 b5 4. cxb5 a6 5. bxa6 Bxa6 6. Nc3 d6 7. g3 g6 8.
Nf3 Bg7 9. Bg2 O-O 10. O-O Nbd7 11. h3 Qa5 12. Re1 Rfb8 13. e4 Ne8 14. Qc2
Nc7 15. Bf4 Rxb2 16. Qxb2 Qxc3 17. Qc1 Qxa1 18. Qxa1 Bxa1 19. Rxa1 Bd3 20.
Ne1 Bb5 21. Bf1 f5 22. f3 fxe4 23. fxe4 Nf6 24. Bg2 Ra4 25. Bg5 Kf7 26. Bxf6
Kxf6 27. a3 Bc4 28. Kf2 Nb5 29. Nc2 Bd3 30. Bf1 Bxc2 31. Bxb5 Ra5 32. Bc6
Bxe4 33. Re1 Ke5 34. a4 Kd4 35. Rd1+ Bd3 36. Rc1 c4 37. Ke1 e6 38. Bb5 e5
39. Bc6 Ra7 40. Kd2 e4 41. Ke1 Rf7 42. Kd2 e3+ {White resigns} 0-1

[Event "ICC tourney 2132 (75 10)"]
[Site "Internet Chess Club"]
[Date "2020.11.14"]
[Round "3"]
[White "chesslin"]
[Black "poohfur"]
[Result "0-1"]
[ICCResult "White resigns"]
[WhiteElo "1811"]
[BlackElo "1730"]
[Opening "Queen's pawn: London system"]
[ECO "A45"]
[NIC "QP.07"]
[Time "17:01:42"]
[TimeControl "4500+10"]

1. d4 Nf6 2. Bf4 d5 3. e3 e6 4. Nd2 c5 5. c3 Nc6 6. Ngf3 Bd6 7. Bg3 O-O 8.
Bd3 Re8 9. Ne5 Bxe5 10. Bxe5 Nxe5 11. dxe5 Nd7 12. Nf3 Qc7 13. Qa4 c4 14.
Bc2 b6 15. O-O b5 16. Qxb5 Rb8 17. Qa4 Rxb2 18. Rab1 Rb6 19. Rxb6 axb6 20.
h4 Bb7 21. Bb1 g6 22. h5 Ra8 23. Qb4 Nxe5 24. Nxe5 Qxe5 25. Qxb6 Rb8 26. h6
Ba8 27. Qd4 Qxd4 28. exd4 Rb2 29. Kh2 Bc6 30. Kg3 Ba4 31. Kf3 Bc2 32. Bxc2
Rxc2 33. Rb1 Rxc3+ 34. Kf4 Kf8 35. Ke5 Rc2 36. f4 Rxa2 37. Rb8+ Ke7 38. Rb7+
Ke8 39. g4 Kd8 40. Rb5 Ra7 41. f5 c3 42. Rb1 Ke7 43. f6+ Kd7 44. Kf4 c2 45.
Rc1 Rc7 46. Ke3 Rc4 47. Kd3 Kd6 48. g5 e5 49. dxe5+ Kxe5 50. Kd2 Kd4 51. Re1
c1=Q+ 52. Rxc1 Rxc1 53. Kxc1 Ke3 54. Kd1 d4 55. Kc2 Ke2 56. Kb3 {White
resigns} 0-1

[Event "ICC tourney 2132 (75 10)"]
[Site "Internet Chess Club"]
[Date "2020.11.14"]
[Round "3"]
[White "SBomm18"]
[Black "AJ2000"]
[Result "1/2-1/2"]
[ICCResult "White stalemated"]
[WhiteElo "1869"]
[BlackElo "1659"]
[Opening "Ruy Lopez: 5.O-O"]
[ECO "C78"]
[NIC "RL.12"]
[Time "17:02:31"]
[TimeControl "4500+10"]

1. e4 e5 2. Nf3 Nc6 3. Bb5 a6 4. Ba4 Nf6 5. O-O b5 6. Bb3 Bc5 7. d3 d6 8. c3
Bb6 9. Bg5 h6 10. Bh4 g5 11. Bg3 Rg8 12. Re1 h5 13. h4 gxh4 14. Bxh4 Rg4 15.
g3 Qd7 16. d4 Nxe4 17. Rxe4 Rxe4 18. Ng5 Rxh4 19. Bxf7+ Kf8 20. Qf3 Rf4 21.
gxf4 Qg4+ 22. Qxg4 Bxg4 23. Bd5 Bd7 24. fxe5 dxe5 25. dxe5 Re8 26. e6 Nd8
27. exd7 Re5 28. Ne6+ Ke7 29. Nxd8 Rxd5 30. Nc6+ Kxd7 31. Nd4 Bxd4 32. cxd4
Rxd4 33. Nc3 b4 34. Rd1 Rxd1+ 35. Nxd1 c5 36. f4 Ke6 37. Kf2 c4 38. Ke3 Kd5
39. a3 c3 40. Nxc3+ bxc3 41. bxc3 h4 42. Kf3 h3 43. Kg3 Ke4 44. c4 h2 45.
Kxh2 Kxf4 46. Kg2 Ke4 47. Kf2 Kd4 48. Ke2 Kxc4 49. Kd2 Kb3 50. Kc1 Kxa3 51.
Kb1 Kb3 52. Ka1 a5 53. Kb1 a4 54. Ka1 a3 55. Kb1 a2+ 56. Ka1 Ka3
{White stalemated}
1/2-1/2

[Event "ICC tourney 2132 (75 10)"]
[Site "Internet Chess Club"]
[Date "2020.11.14"]
[Round "3"]
[White "Jim1108"]
[Black "pawnpush202044"]
[Result "1/2-1/2"]
[ICCResult "Game drawn by repetition"]
[WhiteElo "1767"]
[BlackElo "1893"]
[Opening "Polish (Sokolsky) opening"]
[ECO "A00"]
[NIC "VO.10"]
[Time "17:01:59"]
[TimeControl "4500+10"]

1. b4 d5 2. Bb2 Bf5 3. e3 e6 4. b5 Nf6 5. c4 Nbd7 6. Nc3 dxc4 7. Bxc4 Ne5 8.
Be2 Bd3 9. Qb3 Bxe2 10. Ngxe2 Nd3+ 11. Kf1 Bc5 12. f3 O-O 13. Rd1 e5 14. Nc1
Re8 15. Ke2 Nxb2 16. Qxb2 e4 17. Qc2 exf3+ 18. gxf3 Qe7 19. e4 Rad8 20. Nb3
Nh5 21. d4 Bd6 22. Nd5 Qh4 23. Kd3 Nf4+ 24. Nxf4 Qxf4 25. Qg2 Re6 26. Qg4
Rg6 27. Qxf4 Bxf4 28. Nc1 Rg2 29. h3 Rb2 30. Ne2 Bd6 31. Nc3 Bb4 32. Nd5 Ba5
33. a4 Kf8 34. Rc1 Rb3+ 35. Ke2 Rb2+ 36. Kd3 Rb3+ 37. Ke2 Rb2+ 38. Kd3 Rb3+
39. Ke2 Rb2+ 40. Kd3 Rb3+ {Game drawn by repetition} 1/2-1/2

[Event "ICC tourney 2132 (75 10)"]
[Site "Internet Chess Club"]
[Date "2020.11.14"]
[Round "3"]
[White "mikoyansuren"]
[Black "Mapking1"]
[Result "1-0"]
[ICCResult "Black checkmated"]
[WhiteElo "1984"]
[BlackElo "1790"]
[Opening "Queen's pawn: Torre attack"]
[ECO "A45"]
[NIC "QP.04"]
[Time "17:01:47"]
[TimeControl "4500+10"]

1. d4 Nf6 2. Bg5 e6 3. Nf3 Be7 4. e3 b6 5. Bd3 Bb7 6. c4 O-O 7. O-O c5 8.
Nc3 cxd4 9. exd4 d5 10. Rc1 Nbd7 11. Qe2 Rc8 12. Ne5 h6 13. Bh4 Nxe5 14.
dxe5 Nd7 15. Bxe7 Qxe7 16. cxd5 exd5 17. f4 Nc5 18. Bf5 Ne6 19. Qf2 Rc4 20.
Ne2 Rfc8 21. Rfd1 Qb4 22. Rxc4 Rxc4 23. Bxe6 fxe6 24. Nd4 Qc5 25. h3 Bc8 26.
Rd2 b5 27. g3 b4 28. g4 g6 29. Qe3 a5 30. f5 exf5 31. e6 f4 32. Qxf4 Bxe6
33. Qf6 Bf7 34. Rf2 Qc7 35. Kg2 Qd7 36. Re2 Rc7 37. Ne6 Bxe6 38. Qxg6+ Qg7
39. Qxe6+ Kh7 40. Qxd5 Qf6 41. Qxa5 Rf7 42. Qf5+ Qxf5 43. gxf5 Rxf5 44. Re4
Ra5 45. Rxb4 Rxa2 46. Kg3 Kg6 47. Kg4 Ra5 48. Rf4 Rg5+ 49. Kf3 Rh5 50. h4
Re5 51. b4 h5 52. Re4 Rb5 53. Kf4 Kf6 54. Ke3 Kf5 55. Rc4 Rd5 56. Rd4 Rb5
57. Kd3 Ke5 58. Rc4 Kd5 59. Kc3 Ke5 60. Kb3 Kd5 61. Rc8 Kd6 62. Ka4 Rf5 63.
Rc4 Re5 64. b5 Re1 65. b6 Kd5 66. Rc3 Re4+ 67. Kb5 Rxh4 68. b7 Rh1 69. Rb3
h4 70. b8=Q h3 71. Qb7+ Kd4 72. Qxh1 h2 73. Qxh2 Ke4 74. Rb4+ Kd5 75. Qh5+
Ke6 76. Re4+ Kf6 77. Qh6+ Kf5 78. Qf4+ Kg6 79. Re6+ Kh5 80. Rh6#
{Black checkmated}
1-0

[Event "ICC tourney 2132 (75 10)"]
[Site "Internet Chess Club"]
[Date "2020.11.14"]
[Round "3"]
[White "kittycat35"]
[Black "sujashankar"]
[Result "0-1"]
[ICCResult "White forfeits on time"]
[WhiteElo "1657"]
[BlackElo "1688"]
[Opening "Sicilian: dragon variation"]
[ECO "B70"]
[NIC "SI.15"]
[Time "17:01:47"]
[TimeControl "4500+10"]

1. e4 c5 2. Nf3 d6 3. d4 cxd4 4. Nxd4 Nf6 5. Nc3 g6 6. g3 Bg7 7. Bg2 O-O 8.
O-O Nc6 9. Nxc6 bxc6 10. e5 dxe5 11. Bxc6 Rb8 12. Rb1 Qc7 13. Bg2 Be6 14.
Bd2 Rfd8 15. b3 Bh6 16. f4 exf4 17. gxf4 Rbc8 18. Rf2 Rxd2 19. Rxd2 Qxc3 20.
Rd8+ Rxd8 21. Qxd8+ Kg7 22. Qxe7 Qxc2 23. Re1 Bd5 24. Bxd5 Nxd5 25. Qe5+ Nf6
26. Ra1 Qd2 27. Rf1 a5 28. a4 Qd3 29. Rc1 Qf3 30. Rc4 Qb7 31. Rd4 Qb6 32.
Kg2 Qc6+ 33. Kg1 Qf3 34. Rc4 Qd1+ 35. Kf2 Qh1 36. f5 Qd1 37. fxg6 hxg6 38.
Rc6 Bg5 39. Rc3 Qd2+ 40. Kf1 Bf4 41. Qe1 Qxh2 42. Rc4 Bg3 43. Qe3 Qh1+ 44.
Ke2 Qe1+ 45. Kd3 Qd1+ 46. Qd2 Qxb3+ 47. Qc3 Qd1+ 48. Qd2 Qf3+ 49. Kc2 Be5
{White forfeits on time}
0-1

[Event "ICC tourney 2132 (75 10)"]
[Site "Internet Chess Club"]
[Date "2020.11.14"]
[Round "3"]
[White "USChessNinja"]
[Black "Sricharan07"]
[Result "0-1"]
[ICCResult "White checkmated"]
[WhiteElo "1517"]
[BlackElo "1848"]
[Opening "French: advance variation"]
[ECO "C02"]
[NIC "FR.03"]
[Time "17:01:47"]
[TimeControl "4500+10"]

1. e4 e6 2. d4 d5 3. e5 c5 4. c3 Ne7 5. Nf3 Nec6 6. a3 a5 7. Be2 b6 8. O-O
Ba6 9. Bxa6 Nxa6 10. Be3 Be7 11. Qe2 O-O 12. Nbd2 Qd7 13. Bg5 c4 14. Bxe7
Qxe7 15. b3 cxb3 16. Nxb3 Nc7 17. Qe3 a4 18. Nbd2 Na5 19. Rfb1 b5 20. h3
Rfb8 21. Qg5 Qxg5 22. Nxg5 Nc4 23. Ngf3 Na6 24. Kf1 Kf8 25. Ke2 Ke7 26. Kd3
h6 27. g4 g6 28. h4 Nc7 29. g5 h5 30. Kc2 Na6 31. Nxc4 bxc4 32. Rxb8 Rxb8
33. Rb1 Rb3 34. Nd2 Rb8 35. Nf3 Kd7 36. Rxb8 Nxb8 37. Nd2 Kc6 38. f4 Kb5 39.
Nf3 Nc6 40. Nd2 Ne7 41. Nf3 Nf5 42. Kd2 Kc6 43. Kc2 Ng3 44. Kd2 Ne4+ 45. Kc2
Kb6 46. Kb2 Nf2 47. Kc2 Nd3 48. Kd2 Nxf4 49. Ke3 Nd3 50. Kd2 Nf2 51. Ke2 Ne4
52. Kd1 Nxc3+ 53. Kc2 Nb5 54. Nd2 Nxa3+ 55. Kb2 Nb5 56. Kc2 Ka5 57. Nf3 a3
58. Kb1 Kb4 59. Ka2 c3 60. Ne1 Kc4 61. Nc2 Kd3 62. Nb4+ Kd2 63. Kb3 Nxd4+
64. Ka2 c2 65. Nxc2 Kxc2 66. Kxa3 Nc6 67. Ka4 d4 68. Kb5 Nxe5 69. Kc5 d3 70.
Kd6 d2 71. Kxe5 d1=Q 72. Kf6 Qd7 73. Kg7 Kd3 74. Kh6 Ke4 75. Kg7 Kf5 76. Kh7
Kg4 77. Kg7 Kxh4 78. Kh7 Kxg5 79. Kg7 f5+ 80. Kf8 Kf6 81. Kg8 Qg7#
{White checkmated}
0-1

[Event "ICC tourney 2132 (75 10)"]
[Site "Internet Chess Club"]
[Date "2020.11.14"]
[Round "3"]
[White "mancogu"]
[Black "loveEdinburgh"]
[Result "1/2-1/2"]
[ICCResult "Game drawn by repetition"]
[WhiteElo "1612"]
[BlackElo "1843"]
[Opening "Sicilian: accelerated fianchetto, modern variation with Bc4"]
[ECO "B35"]
[NIC "SI.43"]
[Time "17:01:36"]
[TimeControl "4500+10"]

1. e4 c5 2. Nf3 g6 3. d4 cxd4 4. Nxd4 Bg7 5. Be3 Nc6 6. Nc3 Nf6 7. Bc4 Qa5
8. f3 Qb4 9. Bb3 Nxe4 10. Nxc6 Bxc3+ 11. bxc3 Qxc3+ 12. Ke2 dxc6 13. Bd4 e5
14. Be3 O-O 15. Re1 Nc5 16. Kf1 Nxb3 17. cxb3 Bf5 18. Kg1 Rad8 19. Qe2 a6
20. Bh6 Rfe8 21. f4 Qd4+ 22. Kh1 e4 23. Rad1 Qc3 24. Rc1 Qd3 25. Qb2 Qd4 26.
Qe2 Qd2 27. Qc4 Rd4 28. Qc5 Rd5 29. Qb6 Red8 30. h3 Rb5 31. Qg1 Qxa2 32.
Red1 Rbd5 33. Rxd5 Rxd5 34. Qa7 Qd2 35. Qb8+ Rd8 36. Qe5 Qd4 37. Qe7 Qd7 38.
Qf6 Qd4 39. Qe7 Qd7 40. Qf6 Qd4 41. Qe7 Qd7 {Game drawn by repetition}
1/2-1/2

[Event "ICC tourney 2132 (75 10)"]
[Site "Internet Chess Club"]
[Date "2020.11.14"]
[Round "3"]
[White "bopala"]
[Black "corviknight"]
[Result "1/2-1/2"]
[ICCResult "Game drawn by repetition"]
[WhiteElo "1907"]
[BlackElo "1810"]
[Opening "QGD Slav: Dutch variation"]
[ECO "D18"]
[NIC "SL.05"]
[Time "17:01:58"]
[TimeControl "4500+10"]

1. d4 d5 2. c4 c6 3. Nc3 Nf6 4. Nf3 dxc4 5. a4 Bf5 6. e3 e6 7. Bxc4 Bb4 8.
O-O Nbd7 9. h3 O-O 10. Bd3 Bxd3 11. Qxd3 Re8 12. Rd1 Qe7 13. Bd2 e5 14. Ne4
exd4 15. Nxf6+ Nxf6 16. Bxb4 Qxb4 17. Qxd4 Qxd4 18. Rxd4 Nd5 19. Rc1 a5 20.
Ne1 Re6 21. Nd3 b6 22. Kf1 f5 23. Nf4 Nxf4 24. Rxf4 g6 25. Rd4 b5 26. axb5
cxb5 27. Rd5 b4 28. b3 Ree8 29. Ra1 Rec8 30. Rdxa5 Rxa5 31. Rxa5 Rc3 32. Ke2
Rxb3 33. Ra2 Kg7 34. Kd2 Kh6 35. Kc2 Rc3+ 36. Kd2 Kg5 37. Ra4 Rc4 38. Kd3
Rc3+ 39. Kd2 Rc4 40. Kd3 Rc3+ 41. Kd2 Rb3 42. Kc2 Rc3+ 43. Kd2 Rc4 44. Kd3
Rc3+ 45. Kd2 Rb3 46. Kc2 Rc3+ 47. Kd2 {Game drawn by repetition} 1/2-1/2

[Event "ICC tourney 2132 (75 10)"]
[Site "Internet Chess Club"]
[Date "2020.11.15"]
[Round "4"]
[White "kirikiri007"]
[Black "chesslin"]
[Result "0-1"]
[ICCResult "White checkmated"]
[WhiteElo "1571"]
[BlackElo "1838"]
[Opening "Pirc: classical (two knights) system"]
[ECO "B06"]
[NIC "PU.10"]
[Time "10:02:33"]
[TimeControl "4500+10"]

1. e4 g6 2. d4 Bg7 3. Nc3 d6 4. Nf3 Nf6 5. Bc4 O-O 6. Bb3 Nc6 7. O-O Bg4 8.
Be3 Nd7 9. Qd2 Bxf3 10. gxf3 e5 11. d5 Nd4 12. Bxd4 exd4 13. Nb5 Qh4 14.
Nxd4 Be5 15. h3 Bf4 16. Qc3 Qxh3 17. Rfe1 Bh2+ 18. Kh1 Bg3+ 19. Kg1 Qh2+ 20.
Kf1 Qxf2# {White checkmated} 0-1

[Event "ICC tourney 2132 (75 10)"]
[Site "Internet Chess Club"]
[Date "2020.11.15"]
[Round "4"]
[White "Mapking1"]
[Black "poohfur"]
[Result "1-0"]
[ICCResult "Black resigns"]
[WhiteElo "1811"]
[BlackElo "1697"]
[Opening "Ruy Lopez: 5.O-O"]
[ECO "C78"]
[NIC "RL.12"]
[Time "10:02:00"]
[TimeControl "4500+10"]

1. e4 e5 2. Nf3 Nc6 3. Bb5 a6 4. Ba4 Nf6 5. O-O b5 6. Bb3 Bc5 7. c3 d6 8. d4
Bb6 9. h3 Qe7 10. Re1 Bd7 11. a4 O-O 12. Qd3 Nd8 13. axb5 Bxb5 14. c4 Bd7
15. Nc3 c6 16. c5 Ba7 17. Rxa6 dxc5 18. dxe5 Ne8 19. Bg5 Nf6 20. exf6 gxf6
21. Bxf6 {Black resigns} 1-0